 Dungeon Crawl Stone Soup version 0.27-a0-1334-g2746e35aca (webtiles) character file.

Game seed: 10149469848690462443

1488 Delamore the Covert (level 8, -2/55 HPs)
             Began as an Octopode Brigand on June 26, 2021.
             Was an Initiate of Gozag.
             Slain by a slime creature (20 damage)
             ... on level 5 of the Dungeon.
             The game lasted 00:05:53 (6042 turns).

Delamore the Covert (Octopode Brigand)              Turns: 6042, Time: 00:05:54

Health: -2/55      AC:  1    Str: 11    XL:     8   Next: 80%
Magic:  8/8        EV: 12    Int: 13    God:    Gozag
Gold:   305        SH:  0    Dex: 15    Spells: 7/7 levels left

rFire    + + .     SeeInvis .   l - +1 dagger (venom)
rCold    . . .     Faith    .   (no shield)
rNeg     . . .     Spirit   .   (helmet restricted)
rPois    +         Reflect  .   (no amulet)
rElec    .         Harm     .   d - ring of protection from fire
rCorr    .         Rampage  .   p - ring of protection from fire
Will     .....                  x - ring of poison resistance
Stlth    +++++.....             (no ring)
HPRegen  0.18/turn              (no ring)
MPRegen  0.11/turn              (no ring)
                                (no ring)
                                (no ring)

@: studying Stealth
A: almost no armour, amphibious, 8 rings, camouflage 1, gelatinous body 1,
(nimble swimmer 1), tentacles
a: Renounce Religion, Potion Petition, Call Merchant, Bribe Branch


You were on level 5 of the Dungeon.
You worshipped Gozag.
Gozag was aware of your devotion.
You visited 2 branches of the dungeon, and saw 7 of its levels.

You collected 1158 gold pieces.
You spent 220 gold pieces at shops.
You paid 633 gold pieces to Gozag.

Inventory:

Hand Weapons
 a - a +2 dagger
 h - a +1 dagger of freezing
 l - a +1 dagger of venom (weapon)
Missiles
 b - 20 poisoned darts
 c - a curare-tipped dart (quivered)
Armour
 g - a +0 buckler
Jewellery
 d - a ring of protection from fire (left tentacle)
 p - a ring of protection from fire (right tentacle)
 x - a ring of poison resistance (on tentacle)
Wands
 y - a wand of iceblast (7)
 C - a wand of paralysis (6)
Scrolls
 e - a scroll of vulnerability
 f - 2 scrolls of enchant armour {unknown}
 i - a scroll of enchant weapon
 j - 3 scrolls of amnesia
 k - 2 scrolls of noise {unknown}
 o - 3 scrolls of immolation
 r - 2 scrolls of teleportation {unknown}
 s - a scroll of silence {unknown}
 t - a scroll of magic mapping {unknown}
 v - a scroll of fog {unknown}
 w - 2 scrolls of identify
 B - a scroll of holy word {unknown}
Potions
 m - 2 potions of ambrosia
 n - a potion of invisibility
 q - 2 potions of brilliance {unknown}
 u - a potion of curing {unknown}
 z - a potion of mutation {unknown}
 A - a potion of might {unknown}


   Skills:
 - Level 5.0 Fighting
 * Level 8.7 Short Blades
 - Level 2.0 Throwing
 - Level 1.0 Dodging
 - Level 10.0 Stealth


You had 7 spell levels left.
You didn't know any spells.
Your spell library contained the following spells:

 Spells                   Type           Power      Damage    Failure   Level
 Magic Dart               Conj           0%         1d3       30%         1
 Blink                    Tloc           N/A        N/A       43%         2
 Call Imp                 Summ           0%         N/A       43%         2
 Slow                     Hex            0%         N/A       43%         2
 Conjure Flame            Conj/Fire      0%         6-21      67%         3
 Mephitic Cloud           Conj/Pois/Air  0%         N/A       67%         3


Dungeon Overview and Level Annotations

Branches:
Dungeon (6/15)             Temple (1/1) D:5

Altars:
Ashenzari
Cheibriados
Elyvilon
Gozag
Hepliaklqana
Kikubaaqudgha
Nemelex Xobeh
Okawaru
Qazlal
Ru
Sif Muna
Uskayaw
Wu Jian
Xom
Zin

Shops:
D:5 =


Innate Abilities, Weirdness & Mutations

You cannot wear most types of armour.
You are amphibious.
You can wear up to eight rings at the same time.
Your skin changes colour to match your surroundings (Stealth+).
Your rubbery body absorbs attacks. (AC +1, EV +1)
((You are camouflaged near water. (Stealth+)))
You have tentacles for arms and can constrict up to eight enemies at once.


Message History

The slime creature is lightly wounded.
The slime creature hits you! The endoplasm closely misses you.
There is an open gate here.
Things that are here:
a stone; a +0 short sword; a +0 dagger The endoplasm jiggles.
You see here a +0 dagger.
You completely miss the slime creature.
The slime creature is lightly wounded.
The slime creature barely misses you.
You see here a +0 dagger.
The slime creature looks more healthy.
Throw: 5 darts (curare)
Press: ? - help, Q - select action, (/) - cycle Shift-Dir - straight line, f - slime creature
Aim: a slime creature (lightly wounded, 83% to hit)
You throw a curare-tipped dart.
The curare-tipped dart hits the slime creature.
The slime creature is lightly wounded.
The slime creature hits you!
Throw: 4 darts (curare)
Press: ? - help, Q - select action, (/) - cycle Shift-Dir - straight line, f/p - slime creature
Aim: a slime creature (lightly wounded, 83% to hit)
You throw a curare-tipped dart.
The curare-tipped dart hits the slime creature.
The slime creature is lightly wounded.
The endoplasm jiggles.
Throw: 3 darts (curare)
Press: ? - help, Q - select action, (/) - cycle Shift-Dir - straight line, f/p - slime creature
Aim: a slime creature (83% to hit)
You throw a curare-tipped dart.
The curare-tipped dart hits the slime creature.
The slime creature closely misses you.
Throw: 2 darts (curare)
Press: ? - help, Q - select action, (/) - cycle Shift-Dir - straight line, f/p - slime creature
Aim: a slime creature (83% to hit)
You throw a curare-tipped dart.
The curare-tipped dart hits the slime creature.
The slime creature hits you!!
You die...
Your body crumbles into a pile of gold.

#............# #....).>..#
#.################.#(###.#
...............# #.).# #.#
..############.# ###.###.#
### #.# #..J..# # #.#
###J### # #.# #.# #
#.#######)# # #..@JJJ(..#
# ########### # # #


You could see a slime creature and 2 endoplasms.

Vanquished Creatures
  Menkaure (D:5)
  A water moccasin (D:5)
  A necrophage (D:5)
  An ogre (D:5)
  A centaur (D:6)
  A phantom (D:5)
  5 kobold brigands (D:5)
  A wyvern zombie (D:5)
  A bullfrog (D:5)
  A scorpion (D:5)
  2 water moccasin skeletons (D:5)
  A jelly (D:5)
  A bullfrog skeleton (D:5)
  A centaur skeleton (D:5)
  An orc priest (D:3)
  A hound (D:5)
  Natasha (D:2)
  A hound skeleton (D:4)
  A gnoll (D:1)
  3 adders
  An adder skeleton (D:4)
  A worm (D:2)
  15 orcs
  3 bats
  11 endoplasms
  4 giant cockroaches
  6 goblins
  7 hobgoblins
  8 kobolds
  3 quokkas
  7 ball pythons
  2 frilled lizards (D:1)
  6 rats
101 creatures vanquished.

Vanquished Creatures (others)
  8 fungi (D:5)
  9 toadstools (D:5)
17 creatures vanquished.

Grand Total: 118 creatures vanquished

Notes
Turn   | Place    | Note
-------+----------+-------------------------------------------
     0 | D:1      | Delamore the Octopode Brigand began the quest for the Orb.
     0 | D:1      | Reached XP level 1. HP: 14/14 MP: 1/1
    89 | D:1      | Reached XP level 2. HP: 8/19 MP: 2/2
   797 | D:1      | Reached XP level 3. HP: 19/25 MP: 3/3
  1429 | D:2      | Found a faded altar of an unknown god.
  1581 | D:2      | Found an iron altar of Okawaru.
  1873 | D:2      | Noticed Natasha
  1880 | D:2      | Killed Natasha
  1881 | D:2      | Reached skill level 6 in Stealth
  1881 | D:2      | Reached XP level 4. HP: 30/30 MP: 4/4
  2143 | D:2      | Identified 2 scrolls of acquirement
  2144 | D:2      | Acquired 848 gold pieces
  2146 | D:2      | Acquired a manual of Stealth
  2203 | D:3      | Reached XP level 5. HP: 26/36 MP: 5/5
  3071 | D:4      | You fall into a shaft and drop 1 floor!
  3071 | D:5      | Entered Level 5 of the Dungeon
  3072 | D:5      | Noticed Menkaure
  3074 | D:5      | Killed Menkaure
  3075 | D:5      | Reached skill level 7 in Stealth
  3075 | D:5      | Reached XP level 6. HP: 42/42 MP: 6/6
  3094 | D:5      | Reached skill level 5 in Short Blades
  3094 | D:5      | Reached skill level 8 in Stealth
  3363 | D:5      | Reached XP level 7. HP: 48/48 MP: 7/7
  3500 | D:5      | Reached skill level 9 in Stealth
  3737 | D:4      | You fall into a shaft and drop 2 floors!
  3994 | D:5      | Found an ancient bone altar of Kikubaaqudgha.
  4004 | D:5      | Reached XP level 8. HP: 38/54 MP: 8/8
  4149 | D:5      | Found a staircase to the Ecumenical Temple.
  4158 | Temple   | Entered the Ecumenical Temple
  4232 | Temple   | Became a worshipper of Gozag Ym Sagoz the Greedy
  4280 | D:5      | Bought a ring of poison resistance for 220 gold pieces
  4342 | D:5      | Reached skill level 10 in Stealth
  4488 | D:5      | Reached skill level 5 in Fighting
  5148 | D:5      | Noticed a slime creature
  6042 | D:5      | Slain by a slime creature

Illustrated notes

Levels and vault maps discovered:
D:1:      matt_arrival_spirals, layout_loops_cross,
          hangedman_abyss_or_decor_lesser_grid, hangedman_decor_clover_reticule,
          minmay_pentomino_p4
D:2:      layout_loops_ring, ebering_ecumenical_altar_webs, basic_altar,
          uniq_natasha
D:3:      layout_loops_cross, minmay_misc_feat_doors
D:4:      layout_loops_cross, nicolae_elemental_shop, dk_noncrumbling_3,
          hangedman_feature_mirror
D:5:      cheibrodos_fertilizer, layout_loops_ring, kiku_gazebo_garden_becter,
          temple_hall, uniq_menkaure
D:6:      layout_gridville, trog_ov_bears_minmay,
          nicolae_dithmenos_shadow_blocks
Temple:   jpeg_temple_clearing

Skill      XL: |  1  2  3  4  5  6  7  8 |
---------------+-------------------------+-----
Short Blades   | 3 4 5 6 8 |  8.7
Stealth        | 6 7 8 9 10 | 10.0
Fighting       | 3 4 5 |  5.0
Throwing       | |  2.0
Dodging        | |  1.0

Action                   |  1- 3 |  4- 6 |  7- 9 || total
-------------------------+-------+-------+-------++-------
Melee: Dagger            |    66 |    68 |   126 ||   260
       Constrict         |    11 |    15 |    18 ||    44
       Tentacles         |     9 |    15 |    30 ||    54
Throw: Dart              |     1 |       |    16 ||    17
Invok: Call Merchant     |       |       |     1 ||     1
  Use: Scroll            |       |     8 |     1 ||     9
 Stab: Sleeping          |    15 |     9 |    10 ||    34
Armor: Skin              |     6 |     3 |     6 ||    15
Dodge: Dodged            |    25 |    23 |    47 ||    95

Table legend: (Time is in decaauts)
 A = Elapsed time spent in this place.
 B = Non-inter-level travel time spent in this place.
 C = Inter-level travel time spent in this place.
 D = Time resting spent in this place.
 E = Time spent auto-exploring this place.
 F = Levels seen in this place.
 G = Mean time per level.
                   A        B        C        D        E       F      G
               +--------+--------+--------+--------+--------+-----+--------+
         Total |   5972 |   5861 |    111 |   1377 |   3713 |   7 |  853.1 |
       Dungeon |   5875 |   5785 |     90 |   1377 |   3645 |   6 |  979.2 |
        Temple |     96 |     75 |     21 |      0 |     68 |   1 |   96.0 |
               +--------+--------+--------+--------+--------+-----+--------+

Top non-repeatable levels by time:
     D:5: 2205 daAuts
     D:1: 1332 daAuts
     D:3: 850 daAuts
     D:2: 831 daAuts
     D:4: 420 daAuts
     D:6: 235 daAuts
  Temple: 96 daAuts
